 Dungeon Crawl Stone Soup version 0.28-a0-1395-g4f6bc678fa (webtiles) character file.

Game seed: 5926787055840999799

37 flotson the Ducker (level 3, -1/28 HPs)
             Began as a Demonspawn Gladiator on Jan 5, 2022.
             Slain by a hobgoblin (3 damage)
             ... on level 2 of the Dungeon.
             The game lasted 00:00:58 (748 turns).

flotson the Ducker (Demonspawn Gladiator)            Turns: 748, Time: 00:00:58

Health: -1/28      AC:  4    Str: 16    XL:     3   Next: 21%
Magic:  3/3        EV: 12    Int:  9    God:
Gold:   55         SH:  5    Dex: 14    Spells: 2/2 levels left

rFire   . . .      SeeInvis .   e - +2 dagger (venom)
rCold   . . .      Faith    .   (no shield)
rNeg    . . .      Spirit   .   b - +0 leather armour
rPois   .          Reflect  +   c - +0 helmet
rElec   .          Harm     .   (no cloak)
rCorr   .          Rampage  .   (no gloves)
Will    .....                   (no boots)
Stlth   +.........              i - amulet of reflection
HPRegen 0.09/turn               (no ring)
MPRegen 0.08/turn               (no ring)

@: no status effects
A: claws 1, demonic guardian 1
a: no special abilities


You were on level 2 of the Dungeon.
You visited 1 branch of the dungeon, and saw 2 of its levels.

You collected 55 gold pieces.

Inventory:

Hand Weapons
 a - a +0 war axe
 e - a +2 dagger of venom (weapon)
Missiles
 d - 3 throwing nets (quivered)
Armour
 b - a +0 leather armour (worn)
 c - a +0 helmet (worn)
Jewellery
 i - an amulet of reflection (around neck)
Scrolls
 f - a scroll of blinking {unknown}
 h - 2 scrolls of identify {unknown}


   Skills:
 + Level 2.4 Fighting
 + Level 3.0 Axes
 + Level 2.1 Throwing
 + Level 0.9 Armour
 + Level 3.0 Dodging


You had 2 spell levels left.
You didn't know any spells.
Your spell library was empty.

Dungeon Overview and Level Annotations

Branches:
Dungeon (2/15)

Altars:


Innate Abilities, Weirdness & Mutations

You have sharp fingernails.
A weak demonic guardian rushes to your aid.


Message History

You barely miss the adder. The adder barely misses you.
The adder bites you but does no damage.
The goblin shouts!
You hit the adder.
The adder is poisoned.
The adder is moderately wounded.
The adder closely misses you.
You barely miss the adder.
The adder is moderately wounded.
The adder bites you.
Found a scroll labelled FOPTYL NAIGODO.
You block the adder's attack. The adder bites you.
You are poisoned.
The adder poisons you!
You feel sick.
A bat comes into view.
You feel sick.
You feel sick.
You hit the bat.
You kill the bat!
You feel sick. You block the adder's attack.
The adder bites you but does no damage.
You feel sick.
You see here a bat corpse.
You hit the adder but do no damage.
The adder looks even sicker.
The adder is heavily wounded.
You feel sick. The adder bites you but does no damage.
You hit the adder.
The adder looks as sick as possible!
The adder is almost dead.
You feel sick.
You are no longer poisoned.
You kill the adder!
Your Axes skill increases to level 3!
Your Dodging skill increases to level 3!
You have reached level 3!
Your experience leads to an increase in your attributes!
Increase (S)trength, (I)ntelligence, or (D)exterity?
You feel stronger. x2; Your demonic ancestry asserts itself...
Your fingernails lengthen.
You closely miss the hobgoblin. The hobgoblin hits you.
You die...

# #. . #.# #.##.##
#.#...# ..... #
#..? #.#..########.
#.#..g@.......
#...g######### #
###..# #.###..#
#......##
#........#
#.#####..# # #..#
##########
...##..###..†.)...#


You could see a hobgoblin and a goblin.

Vanquished Creatures
  2 adders (D:2)
  An endoplasm (D:1)
  4 goblins
  A hobgoblin (D:1)
  A kobold (D:1)
  A quokka (D:1)
  4 ball pythons
  4 bats
18 creatures vanquished.

Notes
Turn   | Place    | Note
-------+----------+-------------------------------------------
     0 | D:1      | flotson the Demonspawn Gladiator began the quest for the
                  | Orb.
     0 | D:1      | Reached XP level 1. HP: 16/16 MP: 1/1
   211 | D:1      | Gained mutation: A weak demonic guardian rushes to your
                  | aid. [demonic ancestry]
   211 | D:1      | Reached XP level 2. HP: 15/22 MP: 2/2
   748 | D:2      | Gained mutation: You have sharp fingernails. [demonic
                  | ancestry]
   748 | D:2      | Reached XP level 3. HP: 2/28 MP: 3/3
   748 | D:2      | Slain by a hobgoblin

Illustrated notes

Levels and vault maps discovered:
D:1:      lemuel_arrival_cross, layout_rooms
D:2:      layout_loops_corners, minmay_randomly_rotated_circles

Skill      XL: |  1  2 |
---------------+-------+-----
Throwing       | 2 |  2.1
Axes           | 3 |  3.0
Dodging        | 3 |  3.0
Fighting       | |  2.4
Armour         | |  0.9

Action                   || total
-------------------------++-------
Melee: Dagger            ||    50
       War axe           ||     4
  Use: Potion            ||     1
 Stab: Sleeping          ||     1
Armor: Leather armour    ||    17
Dodge: Dodged            ||    32
Block: Other             ||     6

Table legend: (Time is in decaauts)
 A = Elapsed time spent in this place.
 B = Non-inter-level travel time spent in this place.
 C = Inter-level travel time spent in this place.
 D = Time resting spent in this place.
 E = Time spent auto-exploring this place.
 F = Levels seen in this place.
 G = Mean time per level.
                   A        B        C        D        E       F      G
               +--------+--------+--------+--------+--------+-----+--------+
         Total |    748 |    736 |     12 |      3 |    610 |   2 |  374.0 |
       Dungeon |    748 |    736 |     12 |      3 |    610 |   2 |  374.0 |
               +--------+--------+--------+--------+--------+-----+--------+

Top non-repeatable levels by time:
     D:1: 609 daAuts
     D:2: 139 daAuts
